 Dungeon Crawl Stone Soup version 0.30-a0-930-gb9d0489357 (webtiles) character file.

Game seed: 14255236545575923978

58 mopl the Vexing (level 3, -1/19 HPs)
             Began as a Deep Elf Enchanter on Mar 23, 2023.
             Slain by an adder (2 damage)
             ... on level 2 of the Dungeon.
             The game lasted 00:02:04 (1166 turns).

mopl the Vexing (Deep Elf Enchanter)                Turns: 1166, Time: 00:02:05

Health: -1/19      AC:  3    Str:  5    XL:     3   Next: 76%
Magic:  10/10      EV: 12    Int: 21    God:
Gold:   126        SH:  0    Dex: 15    Spells: 1/9 levels left

rFire   . . .      SeeInvis .    a - +1 dagger
rCold   . . .      Faith    .    (no shield)
rNeg    + . .      Spirit   .    b - +0 robe
rPois   .          Reflect  .    e - +0 helmet
rElec   .          Rampage  .    (no cloak)
rCorr   .                        (no gloves)
Will    .....                    (no boots)
Stlth   +++                      (no amulet)
HPRegen 0.23/turn                d - ring of positive energy
MPRegen 0.12/turn                (no ring)

@: lethally poisoned (-1 -> -4), hasted, very quick
A: no striking features
a: no special abilities


You were on level 2 of the Dungeon.
You visited 1 branch of the dungeon, and saw 2 of its levels.

You collected 126 gold pieces.

Inventory:

Hand Weapons
 a - a +1 dagger (weapon)
Armour
 b - a +0 robe (worn)
 e - a +0 helmet (worn)
Jewellery
 d - a ring of positive energy (left hand)
Wands
 k - a wand of flame (12)
Scrolls
 f - a scroll of blinking {unknown}
Potions
 c - 2 potions of invisibility
 g - a potion of heal wounds {unknown}
 h - a potion of curing {unknown}
 i - a potion of brilliance {unknown}
 j - a potion of haste


   Skills:
 + Level 1.9 Short Blades
 - Level 2.4 Dodging
 + Level 4.4 Stealth
 + Level 3.8 Spellcasting
 + Level 4.6 Hexes


You had one spell level left.
You knew the following spells:

 Your Spells              Type           Power      Damage    Failure   Level
b - Ensorcelled Hibernat  Hex/Ice        26%        N/A       7%          2
c - Confusing Touch       Hex            23%        N/A       5%          3
d - Tukima's Dance        Hex            23%        N/A       5%          3

Your spell library contained the following spells:

 Spells                   Type           Power      Damage    Failure   Level
 Dazzling Flash           Conj/Hex       26%        N/A       14%         3


Dungeon Overview and Level Annotations

Branches:
Dungeon (2/15)

Altars:


Message History

The slug dart hits you.
You miss the adder.
The adder is lightly wounded.
The adder barely misses you.
The giant cockroach bites you but does no damage.
You closely miss the adder.
The adder is lightly wounded.
The adder closely misses you. The dart slug bites you.
The giant cockroach barely misses you. The adder bites you but does no damage.
You hit the adder.
The adder is moderately wounded.
The giant cockroach bites you but does no damage.
The adder barely misses you.
You miss the adder.
The adder is moderately wounded.
The dart slug launches a dart at you. The slug dart hits you.
The giant cockroach bites you but does no damage.
The adder barely misses you.
You are too injured to fight recklessly!
You are too injured to fight recklessly!
You are too injured to fight recklessly!
You are too injured to fight recklessly!
You are too injured to fight recklessly!
You are too injured to fight recklessly!
You are too injured to fight recklessly!
You are too injured to fight recklessly!
The adder bites you.
* * * LOW HITPOINT WARNING * * *
You are lethally poisoned!
The adder poisons you! The adder attacks as you move away!
The adder closely misses you.
The giant cockroach attacks as you move away!
The giant cockroach bites you.
* * * LOW HITPOINT WARNING * * *
x2 You feel sick.
The adder misses you.
It was a potion of haste.
You feel yourself speed up.
* * * LOW HITPOINT WARNING * * *
You feel sick. The adder bites you.
You die...

#........#.# #..####.
#..#######.# #..# #.
#..........# #..# #.
#..######### ##..####.
#..######## #........
........# ##### #..##.###
........# #...# #..##....
.......J####...###..#####.
......wBS@.....'.......##.
############...###.....###
#######.....# #.........#
#......[..# #.........# #
#.........)..
######....### #....#


You could see an adder, a dart slug, an endoplasm and a giant cockroach.

Vanquished Creatures
  A gnoll (D:1)
  2 worms (D:2)
  2 dart slugs (D:2)
  An endoplasm (D:1)
  A giant cockroach (D:1)
  5 hobgoblins
  6 jackals (D:1)
  2 kobolds
  4 quokkas
  2 ball pythons (D:2)
  2 bats
  A frilled lizard (D:1)
  3 goblins
  4 rats
36 creatures vanquished.

Notes
Turn   | Place    | Note
-------+----------+-------------------------------------------
     0 | D:1      | mopl the Deep Elf Enchanter began the quest for the Orb.
     0 | D:1      | Reached XP level 1. HP: 10/10 MP: 6/6
   157 | D:1      | Reached XP level 2. HP: 5/15 MP: 8/8
   160 | D:1      | Learned a level 2 spell: Ensorcelled Hibernation
   275 | D:1      | Reached skill level 4 in Stealth
   392 | D:1      | Reached XP level 3. HP: 13/19 MP: 2/10
   421 | D:1      | Learned a level 3 spell: Confusing Touch
   425 | D:1      | Learned a level 3 spell: Tukima's Dance
  1166 | D:2      | Slain by an adder

Illustrated notes

Levels and vault maps discovered:
D:1:      beargit_arrival_diablo_church, layout_basic
D:2:      layout_basic

Skill      XL: |  1  2 |
---------------+-------+-----
Stealth        | 4 |  4.4
Short Blades   | |  1.9
Dodging        | |  2.4
Spellcasting   | |  3.8
Hexes          | |  4.6

Action                     || total
---------------------------++-------
  Melee: Dagger            ||   129
         Punch             ||     2
   Cast: Ensorcelled Hiber ||    11
    Use: Potion            ||     1
   Stab: Sleeping          ||    12
 Armour: Robe              ||    33
  Dodge: Dodged            ||    82

Table legend: (Time is in decaauts)
 A = Elapsed time spent in this place.
 B = Non-inter-level travel time spent in this place.
 C = Inter-level travel time spent in this place.
 D = Time resting spent in this place.
 E = Time spent auto-exploring this place.
 F = Levels seen in this place.
 G = Mean time per level.
                   A        B        C        D        E       F      G
               +--------+--------+--------+--------+--------+-----+--------+
         Total |   1155 |   1155 |      0 |     98 |    766 |   2 |  577.5 |
       Dungeon |   1155 |   1155 |      0 |     98 |    766 |   2 |  577.5 |
               +--------+--------+--------+--------+--------+-----+--------+

Top non-repeatable levels by time:
     D:1: 766 daAuts
     D:2: 389 daAuts
